 Dungeon Crawl Stone Soup version 0.31.0-11-ge490571c62 (webtiles) character file.

Game seed: 11420073234900301488

84 Esekla the Grave Robber (level 4, -5/20 (21) HPs)
             Began as a Spriggan Necromancer on Jan 28, 2024.
             Slain by a sleepcap (19 damage)
             ... on level 4 of the Dungeon.
             The game lasted 00:18:35 (3058 turns).

Esekla the Grave Robber (Spriggan Necromancer)      Turns: 3058, Time: 00:18:36

HP:   -5/20 (21)    AC:  2    Str:  4    XL:     4   Next: 24%
MP:   10/10         EV:  4    Int: 18    God:
Gold: 225           SH:  0    Dex: 15    Spells: 6/10 levels left

rFire   . . .        s - +0 dagger
rCold   . . .        (no shield)
rNeg    . . .        a - +0 robe
rPois   .            (helmet restricted)
rElec   .            (no cloak)
rCorr   .            (gloves unavailable)
SInv    +            (boots unavailable)
Will    .....        (no amulet)
Stlth   ++           (no ring)
HPRegen 0.23/turn    (no ring)
MPRegen 0.12/turn

%: no passive effects
@: sleeping, lightly drained, very quick
A: very small, no large weapons, unfitting armour, see invisible, speed 3
a: no special abilities


You were on level 4 of the Dungeon.
You visited 1 branch of the dungeon, and saw 4 of its levels.

You collected 225 gold pieces.

Inventory:

Hand Weapons
 h - the +1 hand axe of the Spectre {flame, Fly Int+4}
   (You found it on level 3 of the Dungeon)

   Int+4:     It affects your intelligence (+4).
   Fly:       It grants you flight.
 r - a +0 spear
 s - a +0 dagger (weapon)
Missiles
 j - 5 boomerangs (quivered)
Armour
 a - a +0 robe (worn)
Magical Staves
 d - a staff of death
Wands
 u - a wand of roots (5)
Scrolls
 c - 4 scrolls of enchant armour {unknown}
 e - a scroll of blinking {unknown}
 g - 4 scrolls of teleportation {unknown}
 k - 2 scrolls of silence {unknown}
 m - a scroll of revelation {unknown}
 n - 2 scrolls of fog {unknown}
 q - a scroll of identify {unknown}
 t - a scroll of torment {unknown}
Potions
 b - a potion of magic
 f - a potion of resistance {unknown}
 i - a potion of curing {unknown}
 l - a potion of might {unknown}
 o - a potion of degeneration {unknown}
 p - a potion of enlightenment {unknown}
 v - a potion of haste {unknown}


   Skills:
 + Level 0.8 Fighting
 + Level 1.1 Short Blades
 + Level 0.2 Throwing
 * Level 3.8 Dodging
 + Level 3.5 Stealth
 * Level 3.6 Spellcasting
 * Level 3.9 Necromancy


You had 6 spell levels left.
You knew the following spells:

 Your Spells              Type           Power      Damage    Failure   Level
a - Necrotise             Necr           68%        1d7       3%          1
d - Vampiric Draining     Necr           17%        2d7       9%          3

Your spell library contained the following spells:

 Spells                   Type           Power      Damage    Failure   Level
 Animate Dead             Necr           17%        N/A       30%         4
 Curse of Agony           Necr           17%        N/A       63%         5


Dungeon Overview and Level Annotations

Branches:
Dungeon (4/15)
 Temple: D:4-7

Altars:
Nemelex Xobeh
Sif Muna


Innate Abilities, Weirdness & Mutations

You are very small and have problems with some larger weapons.
You are too small for most types of armour.
You have supernaturally acute eyesight. (SInv)
You cover ground extremely quickly. (Speed+++)


Message History

You kill the rat!
You see here a rat corpse.
Done exploring.
You see here a +0 ring mail.
There is a stone staircase leading down here.
You climb downwards.
There is a stone staircase leading up here.
You see here a +0 club.
There is a stone staircase leading up here.
There is a stone staircase leading down here.
You climb downwards.
There is a stone staircase leading up here.
As you open the door, it creaks loudly!
A sleepcap comes into view.
There is an open door here.
You hit the sleepcap but do no damage. You completely miss the sleepcap.
The sleepcap barely misses you.
You hit the sleepcap.
The sleepcap is lightly damaged.
The sleepcap closely misses you.
You hit the sleepcap but do no damage.
The sleepcap is lightly damaged.
The sleepcap misses you.
You hit the sleepcap but do no damage.
The sleepcap is lightly damaged.
The sleepcap misses you.
You hit the sleepcap.
The sleepcap is lightly damaged.
The sleepcap completely misses you.
You hit the sleepcap but do no damage.
The sleepcap is lightly damaged.
The sleepcap closely misses you.
You hit the sleepcap but do no damage.
The sleepcap is lightly damaged.
The sleepcap releases spores at you!
You are engulfed in a cloud of soporific spores!
You fall asleep.
The sleepcap releases spores at you!!
Ouch! That really hurt!
You die...

#####.####
#.@f.....#
##'##.....#
#.........#
#####.........#
#...<.........#
#.............#
#########.....#
..... .....


You could see a sleepcap.

Vanquished Creatures
  An adder (D:2)
  A dart slug (D:1)
  A ribbon worm (D:2)
  An orc (D:3)
  9 ball pythons
  6 endoplasms
  4 giant cockroaches
  7 goblins
  4 hobgoblins
  6 quokkas
  6 bats
  2 frilled lizards
  4 kobolds
  10 rats
62 creatures vanquished.

Notes
Turn   | Place    | Note
-------+----------+-------------------------------------------
     0 | D:1      | Esekla the Spriggan Necromancer began the quest for the
                  | Orb.
     0 | D:1      | Reached XP level 1. HP: 9/9 MP: 5/5
   583 | D:1      | Reached XP level 2. HP: 5/13 MP: 7/7
  1219 | D:3      | Reached XP level 3. HP: 14/16 MP: 8/8
  1223 | D:3      | Learned a level 3 spell: Vampiric Draining
  2022 | D:3      | Found a sparkling altar of Nemelex Xobeh.
  2084 | D:3      | Found a shimmering blue altar of Sif Muna.
  2297 | D:3      | Identified the +1 hand axe of the Spectre {flame, Fly
                  | Int+4}
  2543 | D:3      | Reached XP level 4. HP: 20/21 MP: 10/10
  2768 | D:2      | Reached skill level 1 in Short Blades
  3058 | D:4      | Slain by a sleepcap

Illustrated notes

Levels and vault maps discovered:
D:1:      tarquinn_simple_flora_water_e, layout_rooms
D:2:      layout_rooms, minmay_octomino_e4
D:3:      minmay_inner_zag, layout_loops_corners, mainiacjoe_overflow_two_lobes
D:4:      layout_basic, minmay_temple_entry_glassed_door,
          wad_floor_pattern_untrapped

Skill      XL: |  1  2  3  4 |
---------------+-------------+-----
Spellcasting   | 3 |  3.6
Dodging        | 3 |  3.8
Short Blades   | 1 |  1.1
Fighting       | |  0.8
Throwing       | |  0.2
Stealth        | |  3.5
Necromancy     | |  3.9

Action                     |  1- 3 |  4- 6 || total
---------------------------+-------+-------++-------
  Melee: Dagger            |   232 |    42 ||   274
         Spear             |     3 |       ||     3
         Punch             |     1 |       ||     1
  Throw: Boomerang         |    13 |       ||    13
   Cast: Vampiric Draining |     9 |     3 ||    12
   Stab: Sleeping          |     5 |       ||     5
 Armour: Robe              |    77 |    17 ||    94
  Dodge: Dodged            |   244 |    26 ||   270
